 Dungeon Crawl Stone Soup version 0.23-a0-726-g9fa1570 (webtiles) character file.

899 robertstho the Cleaver (level 7, -3/91 HPs)
             Began as a Minotaur Berserker on Jan 16, 2019.
             Was a Believer of Trog.
             Killed from afar by an orc wizard (5 damage)
             ... with a magic dart
             ... on level 4 of the Dungeon.
             The game lasted 00:04:31 (2109 turns).

robertstho the Cleaver (Minotaur Berserker)         Turns: 2109, Time: 00:04:32

Health: -3/91      AC: 10    Str: 27    XL:     7   Next: 79%
Magic:  6/6        EV: 10    Int:  4    God:    Trog [**....]
Gold:   224        SH:  0    Dex: 11    Spells: 6/6 levels left

rFire    . . .     SeeInvis .   a - +0 hand axe
rCold    . . .     Gourm    .   (no shield)
rNeg     . . .     Faith    .   h - +1 chain mail
rPois    .         Spirit   .   (helmet restricted)
rElec    .         Reflect  .   (no cloak)
rCorr    .         Harm     .   (no gloves)
MR       .....                  (no boots)
Stlth    ..........             (no amulet)
HPRegen  0.25/turn              (no ring)
MPRegen  0.10/turn              (no ring)

@: berserking (expiring), lethally poisoned (-3 -> -4), very quick
A: retaliatory headbutt, horns 2
a: Berserk, Trog's Hand, Renounce Religion


You were on level 4 of the Dungeon.
You worshipped Trog.
Trog was pleased with you.
You were hungry.

You visited 1 branch of the dungeon, and saw 4 of its levels.

You collected 224 gold pieces.

Inventory:

Hand Weapons
 a - a +0 hand axe (weapon)
Armour
 h - a +1 chain mail (worn)
Scrolls
 e - a scroll of enchant armour
 f - 2 scrolls of teleportation
 j - a scroll of amnesia {unknown}
 m - a scroll of remove curse {unknown}
 o - a scroll of identify {unknown}
Potions
 b - a potion of degeneration {unknown}
 g - a potion of flight {unknown}
 i - a potion of cancellation {unknown}
 k - a potion of resistance {unknown}
 l - a potion of brilliance {unknown}
 n - a potion of berserk rage {unknown}
Comestibles
 c - 4 rations
 p - 18 chunks of flesh


   Skills:
 + Level 5.4 Fighting
 * Level 8.9 Axes
 * Level 5.1 Armour
 + Level 3.5 Dodging
 - Level 0.1 Stealth


You had 6 spell levels left.
You didn't know any spells.
Your spell library was empty.

Dungeon Overview and Level Annotations

Branches:
Dungeon (4/15)             Temple (0/1) D:4

Altars:
Elyvilon
Hepliaklqana
Nemelex Xobeh
Ru
Trog
Vehumet
Yredelemnul


Innate Abilities, Weirdness & Mutations

You reflexively headbutt those who attack you in melee.
You have a pair of horns on your head.


Message History

The orc priest mumbles some strange prayers to Beogh against you.
Beogh smites you!
* * * LOW HITPOINT WARNING * * *
An orc priest comes into view. It is wielding a +0 mace.
You closely miss the orc priest.
You feel sick. The orc priest hits you with a +0 club.
* * * LOW HITPOINT WARNING * * *
You closely miss the orc priest. You hit the orc priest.
The orc priest is moderately wounded.
The orc priest hits you with a +0 club.
* * * LOW HITPOINT WARNING * * *
You closely miss the orc priest.
The orc priest is moderately wounded.
* * * LOW HITPOINT WARNING * * *
You feel sick.
An orc comes into view. It is wielding a +3 short sword.
The orc wizard points at you and mumbles some strange words.
The magic dart hits you!
You die...

............................+≈≈§§
...............#........÷#+##≈§≈>
#............................≈≈≈≈
#..................÷..........≈≈§
........##.....................≈≈
.....##...........#..............
.... #.........))#..............
.......[..####..#........
.......@................
#......o................
........................
........................
..................#.....
..oo..............#.....
..................#.....
..o.....................
.....#>......


You could see 2 orc priests, an orc wizard and an orc.

Vanquished Creatures
  Sigmund (D:2)
  A sky beast (D:2)
  2 ogres (D:4)
  A howler monkey (D:4)
  2 hounds (D:4)
  A bullfrog skeleton (D:4)
  An orc wizard (D:4)
  4 orc priests
  An iguana (D:4)
  A worker ant (D:4)
  8 adders
  2 worms
  2 dart slugs (D:1)
  4 leopard geckos
  7 orcs
  5 bats
  3 giant cockroaches
  2 gnoll zombies (D:3)
  A goblin (D:2)
  4 hobgoblins
  10 jackals
  A quokka (D:3)
  2 ball pythons
  4 frilled lizards (D:1)
  4 kobolds
  7 rats
81 creatures vanquished.

Notes
Turn   | Place    | Note
-------+----------+-------------------------------------------
     0 | D:1      | robertstho the Minotaur Berserker began the quest for the
                  | Orb.
     0 | D:1      | Reached XP level 1. HP: 19/19 MP: 0/0
   337 | D:1      | Reached skill level 4 in Axes
   337 | D:1      | Reached XP level 2. HP: 22/27 MP: 1/1
   741 | D:2      | Found a white marble altar of Elyvilon.
   750 | D:2      | Found a hazy altar of Hepliaklqana.
   789 | D:2      | Reached XP level 3. HP: 26/33 MP: 2/2
   796 | D:2      | Found a sacrificial altar of Ru.
   860 | D:2      | Noticed Sigmund
   870 | D:2      | Killed Sigmund
   870 | D:2      | Reached skill level 6 in Axes
   870 | D:2      | Reached XP level 4. HP: 6/41 MP: 3/3
   870 | D:2      | Reached XP level 5. HP: 7/47 MP: 4/4
  1213 | D:2      | Found a bloodstained altar of Trog.
  1269 | D:2      | Noticed a sky beast
  1274 | D:2      | Killed a sky beast
  1274 | D:2      | Reached ** piety under Trog
  1274 | D:2      | Reached XP level 6. HP: 55/55 MP: 5/5
  1280 | D:2      | Found a radiant altar of Vehumet.
  1511 | D:3      | Reached skill level 5 in Fighting
  1515 | D:3      | Reached skill level 7 in Axes
  1823 | D:3      | Found a basalt altar of Yredelemnul.
  1902 | D:4      | Found a sparkling altar of Nemelex Xobeh.
  1940 | D:4      | Reached XP level 7. HP: 12/61 MP: 6/6
  1978 | D:4      | Found a staircase to the Ecumenical Temple.
  1997 | D:4      | Reached skill level 8 in Axes
  2014 | D:4      | HP: 1/61 [iguana (11)]
  2071 | D:4      | Reached skill level 5 in Armour
  2106 | D:4      | HP: 4/91 [orc priest/+0 club (2)]
  2109 | D:4      | Killed from afar by an orc wizard

Vault maps used:
D:1:      arrival_zaba_pyramid
D:2:      nicolae_ru_path_of_blood, vehumet_crystals, marbit_many_paths,
          amethyst_overflow_temple_binary, uniq_sigmund
D:3:      lemuel_zombie_altar_yredelemnul
D:4:      nicolae_overflow_crystal_walls, minmay_temple_entry_mist,
          lightli_sewer_entry_pipes, serial_shops, shop, first_ration

Skill      XL: |  1  2  3  4  5  6  7 |
---------------+----------------------+-----
Axes           | 4 6 7 8 |  8.9
Fighting       | 4 5 |  5.4
Armour         | 3 4 5 |  5.1
Dodging        | 3 |  3.5
Stealth        | |  0.1

Action                   |  1- 3 |  4- 6 |  7- 9 || total
-------------------------+-------+-------+-------++-------
Melee: Hand axe          |    46 |    96 |    45 ||   187
       Headbutt          |    10 |    17 |    13 ||    40
Invok: Berserk           |     1 |     2 |     2 ||     5
       Trog's Hand       |       |       |     3 ||     3
  Use: Scroll            |       |       |     3 ||     3
  Eat: Chunk             |       |     5 |     4 ||     9
Armor: Animal skin       |     3 |       |       ||     3
       Chain mail        |    10 |    58 |    15 ||    83
Dodge: Dodged            |    24 |    42 |    13 ||    79

Table legend:
 A = Non-vault XP
 B = Vault XP
 C = Vault XP percentage of total XP
 D = Non-vault monster count
 E = Vault monster count
 F = Vault count percentage of total count
                 A         B        C        D         E       F
            +---------+---------+-------+---------+---------+-------
      Total |    1056 |     229 |  17.8 |      77 |       4 |   4.9
            +---------+---------+-------+---------+---------+-------
        D:1 |      24 |       0 |   0.0 |      14 |       0 |   0.0
        D:2 |     187 |     225 |  54.6 |      14 |       2 |  12.5
        D:3 |     136 |       4 |   2.9 |      27 |       2 |   6.9
        D:4 |     709 |       0 |   0.0 |      22 |       0 |   0.0
            +---------+---------+-------+---------+---------+-------
